 Dungeon Crawl Stone Soup version 0.26.0-8-g74fc34ddfb (webtiles) character file.

Game seed: 3742892008853369239

169 trckry the Ruffian (level 5, -3/40 HPs)
             Began as a Draconian Transmuter on Jan 12, 2021.
             Killed by divine providence
             ... invoked by an orc priest
              (13 damage)
             ... on level 3 of the Dungeon.
             The game lasted 00:05:06 (1642 turns).

trckry the Ruffian (Draconian Transmuter)           Turns: 1642, Time: 00:05:07

Health: -3/40      AC:  5    Str: 13    XL:     5   Next: 25%
Magic:  2/8        EV: 12    Int: 14    God:
Gold:   166        SH:  0    Dex: 11    Spells: 7/8 levels left

rFire    . . .     SeeInvis +     - Unarmed
rCold    . . .     Faith    .   (no shield)
rNeg     . . .     Spirit   .   (armour unavailable)
rPois    .         Reflect  .   (helmet currently unavailable)
rElec    .         Harm     .   (no cloak)
rCorr    .         Rampage  .   (no gloves)
Will     .....                  (boots currently unavailable)
Stlth    ..........             e - amulet of regeneration
HPRegen  0.53/turn              a - ring of see invisible
MPRegen  0.11/turn              b - ring of attention (curse)

@: appendages
A: unfitting armour, horns 2, talons 2, cold-blooded, AC +5
a: End Transformation


You were on level 3 of the Dungeon.
You had grown temporary horns.
You had grown temporary talons.
You visited 1 branch of the dungeon, and saw 3 of its levels.

You collected 166 gold pieces.

Inventory:

Missiles
 c - 17 poisoned darts
Jewellery
 a - a ring of see invisible (left hand)
 b - a cursed ring of attention (right hand)
 e - an amulet of regeneration (around neck)
Wands
 l - a wand of random effects (16)
Scrolls
 d - a scroll of blinking {unknown}
 j - a scroll of random uselessness {unknown}
 k - a scroll of identify {unknown}
Potions
 f - a potion of lignification {unknown}
 g - a potion of might {unknown}
 h - a potion of invisibility {unknown}
 i - a potion of flight {unknown}
 m - a potion of brilliance {unknown}


   Skills:
 - Level 1.1 Fighting
 - Level 1.7 Dodging
 * Level 4.7 Unarmed Combat
 - Level 2.0 Spellcasting
 * Level 4.1 Transmutations
 + Level 0.3 Evocations


You had 7 spell levels left.
You knew the following spells:

 Your Spells              Type           Power        Failure   Level
a - Beastly Appendage     Tmut           24%          4%          1

Your spell library contained the following spells:

 Spells                   Type           Power        Failure   Level
 Wereblood                Tmut           12%          7%          2
 Spider Form              Tmut/Pois      3%           30%         3
 Ice Form                 Ice/Tmut       7%           71%         4
 Blade Hands              Tmut           6%           77%         5


Dungeon Overview and Level Annotations

Branches:
Dungeon (3/15)

Altars:
Fedhas
The Shining One


Innate Abilities, Weirdness & Mutations

Your plain brown scales are hard. (AC +5)
You cannot fit into any form of body armour.
You are cold-blooded and may be slowed by cold attacks.
You have a pair of horns on your head.
You have razor-sharp toenails.


Message History

Aiming: Random Effects
Press: ? - help, Shift-Dir - straight line, f - orc priest
Aim: an orc priest, wielding a +5 antimagic war axe The orc priest resists with significant effort.
Evoke which item? (* to show all) (? for menu, Esc to quit)
Aiming: Random Effects
Press: ? - help, Shift-Dir - straight line, f/p - orc priest
Aim: an orc priest, wielding a +5 antimagic war axe The orc priest seems to speed up.
The orc priest hits you with a +5 antimagic war axe!
* * * LOW HITPOINT WARNING * * *
You feel your power leaking away.
You barely miss the orc priest. Your headbutt misses the orc priest.
The orc priest looks braver for a moment.
The orc priest closely misses you.
You hit the orc priest. Your headbutt misses the orc priest.
The orc priest is moderately wounded.
The orc priest invokes the aid of Beogh against you.
Beogh smites you!
You die...

##.....o<#......#
#......)#.....†#
#.......####...#
######..†......######
.. #(.######..)...#
....###(o###########.#
...................#.#
#######
.###.##(.######o.....#
#.....# # #.....#
#@.#########.###.#
#†..#.# #............#
#.# ...>.#.#
#...############.#
.....## #
#......#...).....#
.......
#.#.##.#.#########
......##
#.#.#.......[....<
.......#
#.#.#..#.#########
#.......# #.#.#..#.#
#.#.#..#.#


You could see an orc priest (fast).

Vanquished Creatures
  2 orc priests (D:3)
  An adder (D:3)
  2 oozes
  A worm (D:3)
  2 dart slugs
  3 leopard geckos
  5 orcs
  4 bats (D:2)
  A giant cockroach (D:1)
  11 goblins
  12 hobgoblins
  6 jackals
  5 kobolds
  A quokka (D:2)
  5 ball pythons
  7 frilled lizards
  7 rats
75 creatures vanquished.

Notes
Turn   | Place    | Note
-------+----------+-------------------------------------------
     0 | D:1      | trckry the Draconian Transmuter began the quest for the
                  | Orb.
     0 | D:1      | Reached XP level 1. HP: 16/16 MP: 3/3
   126 | D:1      | Reached XP level 2. HP: 23/23 MP: 5/5
   677 | D:2      | Reached XP level 3. HP: 27/28 MP: 4/6
   883 | D:2      | Found a blossoming altar of Fedhas.
  1122 | D:2      | Found a glowing golden altar of the Shining One.
  1361 | D:3      | Reached XP level 4. HP: 29/35 MP: 5/7
  1548 | D:2      | Reached XP level 5. HP: 38/40 MP: 6/8
  1642 | D:3      | Killed from afar by an orc priest

Illustrated notes

Levels and vault maps discovered:
D:1:      dpeg_arrival_erosion, layout_rooms
D:2:      layout_basic, old_standard_altar, nicolae_overflow_crystal_walls,
          hex_tiny
D:3:      layout_basic, grunt_temple_overflow_open

Skill      XL: |  1  2  3  4  5 |
---------------+----------------+-----
Transmutations | 3 4 |  4.1
Unarmed Combat | 4 |  4.7
Fighting       | |  1.1
Dodging        | |  1.7
Spellcasting   | |  2.0
Evocations     | |  0.3

Action                   |  1- 3 |  4- 6 || total
-------------------------+-------+-------++-------
Melee: Unarmed           |   146 |    64 ||   210
       Headbutt          |    13 |     9 ||    22
       Kick              |    20 |    12 ||    32
       Tailslap          |    11 |     4 ||    15
       Punch             |     2 |       ||     2
 Cast: Beastly Appendage |    19 |     8 ||    27
Evoke: Wand              |       |     2 ||     2
Armor: Skin              |    63 |    33 ||    96
Dodge: Dodged            |   130 |    54 ||   184
